 Dungeon Crawl Stone Soup version 0.17-a0-1078-g243345b (webtiles) character file.

917 wvc the Sneak (level 8, -5/50 HPs)
             Began as an Octopode Assassin on May 18, 2015.
             Was an Initiate of Dithmenos.
             Killed from afar by an orc wizard (9 damage)
             ... with a puff of flame
             ... on level 5 of the Dungeon.
             The game lasted 00:15:51 (5207 turns).

wvc the Sneak (Octopode Assassin)                   Turns: 5207, Time: 00:15:51

Health: -5/50      AC:  6    Str: 10    XL:     8   Next: 9%
Magic:  8/8        EV: 10    Int: 14    God:    Dithmenos [......]
Gold:   225        SH: 10    Dex: 17    Spells: 0 memorised, 7 levels left

rFire  . . .     SeeInvis .     a - +1 falchion (protect)
rCold  . . .     Clarity  .     g - +1 shield
rNeg   . . .     SustAb   +     (helmet restricted)
rPois  .         Gourm    .     (no amulet)
rElec  .         Spirit   .     k - ring of sustain abilities
rCorr  .         Warding  .     r - +2 ring of dexterity
rMut   .         Stasis   .     (no ring)
MR     .....                    (no ring)
Stlth  +++++.....               (no ring)
                                (no ring)
                                (no ring)
                                (no ring)

@: not resistant to hostile enchantments, quite stealthy
A: almost no armour, amphibious, 8 rings, constrict 8, camouflage 1, gelatinous
body 1
a: Renounce Religion


You were on level 5 of the Dungeon.
You worshipped Dithmenos.
Dithmenos was noncommittal.
You were not hungry.

You visited 2 branches of the dungeon, and saw 6 of its levels.

You collected 225 gold pieces.

Inventory:

Hand weapons
 a - a +1 falchion of protection (weapon)
 b - a +0 blowgun
 f - a +0 long sword of slicing
 j - a +0 dagger of speed
 l - a +2 dagger
Missiles
 c - 43 poisoned needles
 d - 2 curare-tipped needles
 u - 6 tomahawks (quivered)
Armour
 g - a +1 shield (worn)
Jewellery
 k - a ring of sustain abilities (left tentacle)
 r - a +2 ring of dexterity (right tentacle)
Magical devices
 q - a wand of draining (9)
 w - a wand of magic darts (13)
Scrolls
 h - a scroll of teleportation
 i - a scroll of immolation
 m - a scroll of magic mapping
 n - a scroll of remove curse
 x - a scroll of fog
Potions
 o - a potion of might
 p - 2 potions of brilliance
 s - 2 potions of curing
 t - a potion of cancellation {unknown}
 z - a potion of haste {unknown}
Comestibles
 e - 3 bread rations
 v - a meat ration


   Skills:
 - Level 2.0 Fighting
 - Level 1.8(3.4) Short Blades
 * Level 4.6(4.8) Long Blades
 - Level 2.0 Throwing
 - Level 1.0 Dodging
 + Level 7.9 Stealth
 * Level 5.8 Shields


You had 7 spell levels left.
You didn't know any spells.

Dungeon Overview and Level Annotations

Branches:
Dungeon (5/15)             Temple (1/1) D:5

Altars:
Ashenzari
Cheibriados
Dithmenos
Elyvilon
Fedhas
Kikubaaqudgha
Makhleb
Qazlal
Ru
Sif Muna
Trog
Vehumet
Xom
Yredelemnul
Zin
The Shining One


Innate Abilities, Weirdness & Mutations

You cannot wear most types of armour.
You are amphibious.
You can wear up to eight rings at the same time.
You can use your tentacles to constrict eight enemies at once.
Your skin changes colour to match your surroundings (Stealth).
Your rubbery body absorbs attacks (AC +1).


Message History

Things that are here:
a club; a ring mail You barely miss something.
Something hits you but does no damage.
You miss something. Something hits you but does no damage.
You barely miss something. Your squeeze misses something. Something hits you.
You closely miss something. Something hits you.
You hit something.
You hear some strange, mumbled words.
A puff of flame appears from out of thin air!
The puff of flame hits you!
* * * LOW HITPOINT WARNING * * *
You closely miss something.
You hear some strange, mumbled words.
A magic dart appears from out of thin air!
The magic dart hits you!
* * * LOW HITPOINT WARNING * * *
You hear some strange, mumbled words.
A puff of flame appears from out of thin air!
The puff of flame hits you!
You die...

................ #...#
#.........(..# ##..#
##............ ##.. ..#.
#............## #.. ..#.. ..
#.....)##..# ##. ..... ##.#
#......##..## #..
.....###..###......###..######..
#....#..##....{...# #.........#
#......#.§§.@#..# #.......... ##
##.......§§§.#..# #..#####...
..####.......§.§....###.## ##..
........###..........#..# #..
##.......####........#o.# ##.
###.......###..........# ##.
#.........##.........### #..
#................#.....## ##..
#...#...#.......####.....####...


There were no monsters in sight!

Vanquished Creatures
  An ice beast (D:5)
  An ogre (D:4)
  A jelly (D:5)
  4 orc priests
  A hound (D:4)
  5 orc wizards
  2 gnoll shamans (D:4)
  2 iguanas (D:4)
  10 gnolls (D:4)
  8 adders
  10 worms
  5 giant geckos
  10 orcs
  A ball python (D:3)
  6 giant cockroaches
  13 goblins
  7 hobgoblins
  2 jackals (D:2)
  14 kobolds
  3 quokkas
  8 bats
  6 giant newts
  11 rats
131 creatures vanquished.

Notes
Turn   | Place    | Note
--------------------------------------------------------------
     0 | D:1      | wvc the Octopode Assassin began the quest for the Orb.
     0 | D:1      | Reached XP level 1. HP: 14/14 MP: 1/1
    99 | D:1      | Reached skill level 1 in Short Blades
   210 | D:1      | Reached XP level 2. HP: 19/19 MP: 2/2
   233 | D:1      | Reached skill level 1 in Shields
   691 | D:1      | Reached XP level 3. HP: 24/24 MP: 3/3
  1274 | D:2      | Reached XP level 4. HP: 27/29 MP: 4/4
  1801 | D:3      | Reached skill level 1 in Long Blades
  1801 | D:3      | Reached skill level 6 in Stealth
  1892 | D:3      | Reached XP level 5. HP: 30/34 MP: 5/5
  2541 | D:3      | Reached XP level 6. HP: 27/39 MP: 6/6
  2948 | D:4      | Found a shattered altar of Ashenzari.
  2952 | D:4      | Found a glowing silver altar of Zin.
  2959 | D:4      | Found a radiant altar of Vehumet.
  2961 | D:4      | Found a sacrificial altar of Ru.
  3408 | D:4      | Reached XP level 7. HP: 25/45 MP: 7/7
  3660 | D:4      | Reached skill level 7 in Stealth
  4226 | D:4      | Reached skill level 5 in Shields
  4730 | D:5      | Entered Level 5 of the Dungeon
  4877 | D:5      | Reached XP level 8. HP: 31/50 MP: 8/8
  5125 | D:5      | Found a staircase to the Ecumenical Temple.
  5136 | Temple   | Entered the Ecumenical Temple
  5172 | Temple   | Became a worshipper of Dithmenos the Shadowed
  5207 | D:5      | Killed from afar by an orc wizard

Vault maps used:
D:1:      dpeg_arrival_boxorama
D:4:      minitemple, first_bread
D:5:      minmay_temple_entry_purple_smoke
Temple:   temple_eino_lava_12

Action                   |  1- 3 |  4- 6 |  7- 9 || total
-------------------------+-------+-------+-------++-------
Melee: Dagger            |    53 |       |     2 ||    55
       Falchion          |    13 |   139 |    65 ||   217
 Fire: Blowgun           |     1 |     4 |    49 ||    54
  Use: Scroll            |       |    10 |     2 ||    12
       Potion            |       |       |     1 ||     1
 Stab: Sleeping          |    11 |    16 |     4 ||    31
       Distracted        |     2 |     1 |     1 ||     4
  Eat: Chunk             |     1 |     5 |     2 ||     8
       Beef jerky        |       |     1 |       ||     1
       Bread ration      |       |       |     1 ||     1
